 Dungeon Crawl Stone Soup version 0.19-a0-529-g411dd88 (webtiles) character file.

209795 Delvonshi the Unseen (level 18, -14/99 HPs)
             Began as a Spriggan Assassin on June 7, 2016.
             Was the Champion of Okawaru.
             Shot with an arrow by a naga sharpshooter (28 damage)
             ... on level 4 of the Snake Pit on June 8, 2016.
             The game lasted 05:18:12 (76579 turns).

Delvonshi the Unseen (Spriggan Assassin)           Turns: 76579, Time: 05:18:12

Health: -14/99     AC:  7    Str: 15    XL:     18   Next: 16%
Magic:  23/23      EV: 34    Int: 13    God:    Okawaru [******]
Gold:   1207       SH:  0    Dex: 29    Spells: 3 memorised, 9 levels left

rFire  . . .     SeeInvis +     P - +2 dagger (elec)
rCold  . . .     Gourm    .     C - +0 robe of the Tortoise {Regen+ Dex+4 Stlth+}
rNeg   . . .     Faith    +     (shield restricted)
rPois  +         Spirit   .     b - +1 hat {SInv}
rElec  .         Dismiss  .     i - +2 cloak
rCorr  .         Reflect  .     (gloves unavailable)
SustAt .         Harm     .     (boots unavailable)
MR     +++..                    J - amulet "Meump" {Faith rPois Str+4}
Stlth  ++++++++++               E - ring of flight
                                p - +4 ring of dexterity

@: very quick, extremely resistant to hostile enchantments, uncannily stealthy
A: unfitting armour, see invisible, herbivore 3, speed 3, slow metabolism 2
a: Heroism, Finesse, Renounce Religion, Evoke Flight
}: 1/15 runes: decaying


You were on level 4 of the Snake Pit.
You worshipped Okawaru.
Okawaru was exalted by your worship.
You were not hungry.

You visited 7 branches of the dungeon, and saw 34 of its levels.
You visited 1 bazaar.
You also visited: Labyrinth, Ossuary and Ice Cave.

You collected 3337 gold pieces.
You spent 2130 gold pieces at shops.

Inventory:

Hand Weapons
 l - a +5 quick blade
 z - a +1 short sword of holy wrath
 D - a +6 blowgun
 P - a +2 dagger of electrocution (weapon)
Missiles
 e - 49 poisoned needles
 w - 4 poisoned tomahawks (quivered)
 A - 2 steel tomahawks
 G - 7 tomahawks of dispersal
 I - a throwing net
 S - 3 silver tomahawks
 U - 9 exploding tomahawks
 W - 4 needles of sleeping
 X - 12 curare-tipped needles
Armour
 b - a +1 hat of see invisible (worn)
 i - a +2 cloak (worn)
 C - the +0 robe of the Tortoise (worn) {Regen+ Dex+4 Stlth+}
   (Okawaru gifted it to you on level 1 of the Swamp)

   It affects your dexterity (+4).
   It increases your rate of regeneration.
   It makes you more stealthy.
 T - a +3 fire dragon armour
Jewellery
 p - a +4 ring of dexterity (left hand)
 B - an uncursed ring of positive energy
 E - a ring of flight (right hand)
 F - an uncursed ring of wizardry
 J - the amulet "Meump" (around neck) {Faith rPois Str+4}
   (You found it on level 3 of the Swamp)

   [amulet of faith]

   It allows you to gain divine favour quickly.
   It affects your strength (+4).
   It protects you from poison.
Wands
 h - a wand of disintegration (19/24)
 j - a wand of iceblast (8/15)
 n - a wand of lightning (5/15)
 q - a wand of digging (12/24)
 v - a wand of disintegration (13/24)
 y - a wand of iceblast (4/15)
 R - a wand of iceblast (7/15)
 V - a wand of polymorph (17/24)
Scrolls
 k - 5 scrolls of fear
 m - 2 scrolls of magic mapping
 o - 24 scrolls of identify
 r - 18 scrolls of remove curse
 s - a scroll of enchant armour
 H - 7 scrolls of teleportation
 Z - 6 scrolls of recharging
Potions
 a - 3 potions of agility
 c - a potion of resistance
 f - 5 potions of ambrosia
 t - 5 potions of brilliance
 x - 7 potions of curing
 L - 2 potions of haste
 M - 3 potions of might
 Q - 3 potions of berserk rage
 Y - 2 potions of magic
Books
 K - a book of Conjurations

   Spells                             Type                      Level
   a - Magic Dart                     Conjuration                  1
   b - Searing Ray                    Conjuration                  2
   c - Dazzling Spray                 Conjuration/Hexes            3
   d - Fulminant Prism                Conjuration/Hexes            4
   e - Iskenderun's Mystic Blast      Conjuration                  4
   f - Iskenderun's Battlesphere      Conjuration/Charms           5
 O - a book of Transfigurations

   Spells                             Type                      Level
   a - Irradiate                      Conjuration/Transmutation    5
   b - Statue Form                    Transmutation/Earth          6
   c - Hydra Form                     Transmutation                6
   d - Dragon Form                    Transmutation                7
Miscellaneous
 d - a phantom mirror
Comestibles
 g - 13 bread rations
 u - 7 royal jellies


   Skills:
 - Level 12.8 Fighting
 - Level 9.3 Short Blades
 + Level 17.9 Throwing
 - Level 8.0 Armour
 - Level 13.0 Dodging
 + Level 20.9 Stealth
 - Level 3.8 Conjurations
 + Level 1.9 Hexes
 - Level 6.2 Translocations
 - Level 3.0 Air Magic
 - Level 3.2 Poison Magic
 - Level 6.0 Invocations


You had 9 spell levels left.
You knew the following spells:

 Your Spells              Type           Power        Failure   Level  Hunger
a - Blink                 Tloc           N/A          4%          2    ###....
b - Dazzling Spray        Conj/Hex       #.....       34%         3    ####...
c - Mephitic Cloud        Conj/Pois/Air  #.......     28%         3    ####...


Dungeon Overview and Level Annotations

Branches:
Dungeon (14/15)            Temple (1/1) D:5            Lair (8/8) D:8
  Swamp (4/4) Lair:6        Snake (4/4) Lair:4        Slime (0/6) Lair:7
    Orc (2/2) D:12            Elf (1/3) Orc:2        Vaults (0/5) D:14

Altars:
Ashenzari
Cheibriados
Dithmenos
Elyvilon
Fedhas
Gozag
Hepliaklqana
Kikubaaqudgha
Makhleb
Nemelex Xobeh
Okawaru
Pakellas
Qazlal
Ru
Sif Muna
Trog
Uskayaw
Vehumet
Xom
Yredelemnul
Zin
The Shining One

Shops:
D:6 }*[=   D:8 !   D:9 (   D:11 (   Orc:2 ??[[}

Annotations:
D:10 uglyjohn's ghost, journeyman HuMo
Lair:8 puppums's ghost, journeyman VSGl
Swamp:4 exclusion: Roxanne, Roxanne
Snake:2 Vashnia


Innate Abilities, Weirdness & Mutations

You are tiny and cannot use many weapons and most armour.
You have supernaturally acute eyesight. (SInv)
You are a herbivore.
You cover ground extremely quickly.
You need consume almost no food.


Message History

You hit the naga sharpshooter but do no damage.
The naga sharpshooter is moderately wounded.
The naga sharpshooter shoots an arrow.
The arrow hits you!
* * * LOW HITPOINT WARNING * * *
The arrow burns you.
* * * LOW HITPOINT WARNING * * *
The naga sharpshooter shoots an arrow.
The arrow closely misses you.
The naga sharpshooter casts a spell.
The naga sharpshooter magically shoots an arrow.
The arrow hits you!!
* * * LOW HITPOINT WARNING * * *
The arrow burns you!
* * * LOW HITPOINT WARNING * * *
You see here 2 arrows.
Okay, then.
You feel better.
The naga sharpshooter mumbles some strange words.
The naga sharpshooter magically shoots an arrow.
The arrow hits you!!
You die...

##.......#####.........
#..#####..#.#..........
##.##...##.##...........
#........)..#...........
#######..#...)[#[.##......#...
##.⌠.##..##.⌠.))##[.##......#..
#.....#..#...()..#..#.#........
#⌠.<..'..#...<...#...)..#......
#.....#..#....@..#..##...#....#
##.⌠.##..##.⌠.⌠.##..#..#)##...#
#######..#.....#(.##.##......#
..#..[........#....%##.###
#...#. #.##)##...##(##.........#
#..... #..#..#####.N#.........##
#.....##..##.).....##.........#
#...#.#....##.)...##....##.....
#...........###'###.....#......#


You could see a naga sharpshooter.

Vanquished Creatures
  the Lernaean hydra (Swamp:4)
  Nikola (Swamp:2)
  An Ice Fiend (IceCv)
  Asterion (Snake:3)
  A sphinx (D:13)
  Frances (Swamp:2)
  A thorn hunter (Swamp:4)
  5 greater nagas
  Aizul (Lair:4)
  Maud (Lair:4)
  Louise (D:14)
  A stone giant (Orc:2)
  Azrael (Orc:2)
  An ettin (D:13)
  A minotaur (Lab)
  A fire dragon (Lair:8)
  Fannar (D:12)
  18 hydras
  6 naga warriors
  Erolcha (D:12)
  Erica (Lair:2)
  A ghost crab (Swamp:4)
  2 ogre magi (Orc:2)
  7 anacondas
  3 catoblepae
  2 centaur warriors
  A dancing weapon (D:13)
  10 alligators
  A queen ant (Lair:8)
  11 naga sharpshooters
  An orc high priest (Orc:1)
  7 shock serpents
  3 unseen horrors
  7 naga ritualists
  15 swamp dragons
  2 deep trolls
  2 spriggan druids (Swamp:2)
  A lindwurm (Lair:6)
  9 hill giants
  A deep elf archer (Elf:1)
  10 ugly things
  A harpy (D:13)
  11 mana vipers
  6 deep elf magi
  3 cyclopes
  3 orc sorcerers (Orc:1)
  A manticore (D:13)
  A hornet (Swamp:2)
  14 salamanders
  6 guardian serpents
  17 naga magi
  31 black mambas
  An ice statue (IceCv)
  16 spiny frogs
  A gargoyle (D:13)
  A torpor snail (Lair:7)
  3 kobold demonologists (D:13)
  9 rime drakes
  7 komodo dragons
  5 freezing wraiths (IceCv)
  5 anaconda simulacra (IceCv)
  5 ice devils (IceCv)
  12 trolls
  7 two-headed ogres
  4 giant leeches
  A golden dragon simulacrum (IceCv)
  A boulder beetle (Lair:7)
  32 blink frogs
  A wolf spider simulacrum (IceCv)
  26 slime creatures
  A boulder beetle (shapeshifter) (D:14)
  4 bog bodies
  7 spriggans
  4 fire elementals
  A wyvern (D:11)
  51 yaks
  3 water elementals
  A human (shapeshifter) (D:14)
  2 wraiths (D:13)
  5 basilisks
  2 steam dragons (Lair:8)
  3 hungry ghosts
  A death yak simulacrum (IceCv)
  A basilisk (shapeshifter) (D:14)
  11 hippogriffs
  3 mottled dragons
  22 vampire mosquitoes
  12 insubstantial wisps
  4 harpy simulacra (IceCv)
  4 iron troll simulacra (IceCv)
  48 nagas
  20 swamp worms
  Duvessa (D:4)
  4 soldier ants (Lair:8)
  18 water moccasins
  17 porcupines
  3 hydra simulacra (IceCv)
  3 hell hounds
  12 swamp drakes
  A sky beast (D:10)
  A black bear (Lair:3)
  An ice beast (D:11)
  2 ettin simulacra (IceCv)
  24 orc warriors
  2 necrophages
  7 wasps
  3 phantoms
  10 wolves
  23 ogres
  12 centaurs
  19 crocodiles
  14 giant frogs
  8 big kobolds
  A wyvern zombie (D:11)
  2 water moccasin zombies
  3 scorpions
  Dowan (D:4)
  30 killer bees
  2 spriggan skeletons (D:11)
  3 electric eels
  A howler monkey (D:5)
  3 crimson imps
  2 lava snakes
  6 centaur zombies
  6 draconian simulacra (IceCv)
  A giant frog zombie (D:12)
  5 centaur skeletons
  8 hounds
  6 jellies
  19 orc priests
  Natasha (thrice) (D:4)
  12 iguanas
  2 troll simulacra (IceCv)
  19 worker ants
  19 orc wizards
  A spriggan simulacrum (IceCv)
  A sheep (D:6)
  6 big kobold zombies (Ossuary)
  4 centaur simulacra (IceCv)
  A hound skeleton (D:4)
  A hound zombie (D:7)
  3 mummies
  4 gnolls (D:3)
  5 worker ant zombies
  A naga simulacrum (IceCv)
  3 ogre simulacra (IceCv)
  13 adders
  62 river rats
  5 shadow imps
  7 white imps (IceCv)
  2 ufetubi (IceCv)
  An ooze (Lair:7)
  3 adder zombies (Ossuary)
  An adder skeleton (D:9)
  2 worms (D:2)
  4 dart slugs
  4 giant geckos
  87 orcs
  6 bats
  7 giant cockroaches
  3 gnoll zombies (Ossuary)
  8 goblins
  12 hobgoblins
  28 jackals
  4 quokkas
  A giant newt (D:6)
  A goblin zombie (D:6)
  3 hobgoblin zombies (Ossuary)
  35 kobolds
  8 kobold zombies (Ossuary)
  4 orc zombies
  5 rats
  A fungus (Lair:2)
  2 plants
1272 creatures vanquished.

Vanquished Creatures (collateral kills)
  A soldier ant (Lair:8)
1 creature vanquished.

Vanquished Creatures (others)
  A black mamba (Snake:1)
  A naga mage (Snake:4)
  A spiny frog (Lair:7)
  A blink frog (Swamp:3)
  A swamp worm (Swamp:3)
  A wolf (Lair:7)
  2 adder zombies (Ossuary)
  38 fungi
  21 plants
67 creatures vanquished.

Grand Total: 1340 creatures vanquished

Notes
Turn   | Place    | Note
--------------------------------------------------------------
     0 | D:1      | Delvonshi the Spriggan Assassin began the quest for the Orb.
     0 | D:1      | Reached XP level 1. HP: 10/10 MP: 2/2
   110 | D:1      | Reached skill level 6 in Stealth
   418 | D:1      | Reached XP level 2. HP: 14/15 MP: 3/3
  1676 | D:2      | Found a deep blue altar of Sif Muna.
  1793 | D:2      | Reached XP level 3. HP: 18/18 MP: 4/4
  1814 | D:2      | Found a shattered altar of Ashenzari.
  2273 | D:2      | Found a burning altar of Makhleb.
  2594 | D:2      | Reached XP level 4. HP: 17/23 MP: 5/5
  3403 | D:3      | Reached skill level 7 in Stealth
  3732 | D:3      | Reached XP level 5. HP: 19/26 MP: 6/6
  3951 | D:3      | Found a stormy altar of Qazlal.
  4885 | D:4      | Noticed Natasha
  5154 | D:4      | Noticed a dagger
  5154 | D:4      | Noticed a dagger
  5173 | D:4      | Reached skill level 8 in Stealth
  5173 | D:4      | Reached XP level 6. HP: 21/32 MP: 7/7
  5399 | D:4      | Found a hide-covered altar of Uskayaw.
  5797 | D:4      | Noticed Dowan
  5799 | D:4      | Noticed Duvessa
  5818 | D:4      | Killed Dowan
  6124 | D:4      | Killed Duvessa
  6124 | D:4      | Reached skill level 9 in Stealth
  6124 | D:4      | Reached XP level 7. HP: 22/36 MP: 8/8
  6832 | D:5      | Entered Level 5 of the Dungeon
  7108 | D:4      | Killed Natasha
  7123 | D:4      | Noticed Natasha
  7139 | D:4      | Killed Natasha
  7139 | D:4      | Reached skill level 5 in Throwing
  7397 | D:4      | Noticed Natasha
  7413 | D:4      | Killed Natasha
  7763 | D:5      | Found a snail-covered altar of Cheibriados.
  8258 | D:5      | Reached skill level 10 in Stealth
  8563 | D:5      | Found a staircase to the Ecumenical Temple.
  8800 | D:6      | Found Oplane's Antique Armour Shop.
  8803 | D:6      | Reached XP level 8. HP: 42/42 MP: 9/9
  8912 | D:6      | Found a shimmering altar of Xom.
  9188 | D:6      | Found Ronnojyarr's General Store.
  9196 | D:6      | Bought a potion of might for 44 gold pieces
  9196 | D:6      | Bought 10 poisoned needles for 44 gold pieces
  9244 | D:6      | Found Ucwumid's Jewellery Boutique.
  9293 | D:6      | Found a sand-covered staircase.
  9306 | Ossuary  | Entered an ossuary
 10624 | D:6      | Found a hazy altar of Hepliaklqana.
 10642 | D:6      | Reached skill level 11 in Stealth
 10968 | D:6      | Found a bloodstained altar of Trog.
 10976 | D:6      | Reached skill level 5 in Fighting
 11242 | D:6      | Found Sadyteish's Gadget Shop.
 11254 | D:6      | Found a glowing golden altar of the Shining One.
 11379 | Temple   | Entered the Ecumenical Temple
 11993 | D:7      | Reached XP level 9. HP: 44/47 MP: 10/10
 12675 | D:8      | Reached skill level 5 in Dodging
 12675 | D:8      | Reached skill level 12 in Stealth
 13491 | D:8      | Found a staircase to the Lair.
 13631 | D:8      | Found a glowing silver altar of Zin.
 13730 | D:8      | Found Kuede's Distillery.
 13747 | D:8      | Bought a potion of agility for 56 gold pieces
 13830 | D:8      | Found an ancient bone altar of Kikubaaqudgha.
 13835 | D:8      | Found an iron altar of Okawaru.
 13858 | D:8      | Became a worshipper of Warmaster Okawaru
 13862 | D:8      | Found a shadowy altar of Dithmenos.
 13965 | Lair:1   | Entered Level 1 of the Lair of Beasts
 14066 | Lair:1   | Noticed a spiny frog
 14075 | Lair:1   | Killed a spiny frog
 14094 | Lair:1   | Reached * piety under Okawaru
 14410 | Lair:1   | Reached skill level 13 in Stealth
 14510 | Lair:1   | Noticed a spiny frog
 14517 | Lair:1   | Killed a spiny frog
 14517 | Lair:1   | Reached XP level 10. HP: 53/53 MP: 11/11
 14586 | Lair:1   | Reached ** piety under Okawaru
 15308 | Lair:2   | Found an opulent altar of Gozag.
 15834 | Lair:2   | Reached skill level 14 in Stealth
 15970 | Lair:2   | Reached *** piety under Okawaru
 15985 | Lair:2   | Noticed Erica
 15989 | Lair:2   | Killed Erica
 16372 | Lair:2   | Received a gift from Okawaru
 16556 | Lair:2   | Reached skill level 15 in Stealth
 16556 | Lair:2   | Reached XP level 11. HP: 28/60 MP: 12/12
 16731 | Lair:2   | Reached **** piety under Okawaru
 17262 | Lair:2   | Received a gift from Okawaru
 17609 | Lair:2   | Reached skill level 10 in Throwing
 17750 | Lair:2   | Noticed a six-headed hydra
 17756 | Lair:2   | Killed a six-headed hydra
 18524 | Lair:2   | Reached ***** piety under Okawaru
 18524 | Lair:2   | Reached skill level 16 in Stealth
 18866 | Lair:3   | Got a warped quarterstaff
 18870 | Lair:3   | Identified the +8 quarterstaff of Tartarus {drain, rC+ MR+} (You found it on level 3 of the Lair of Beasts)
 18910 | Lair:3   | Received a gift from Okawaru
 19322 | Lair:3   | Noticed a seven-headed hydra
 19328 | Lair:3   | Killed a seven-headed hydra
 19619 | Lair:4   | Found a staircase to the Snake Pit.
 19669 | Lair:4   | Found an oddly glowing altar of Pakellas.
 20763 | Lair:4   | Received a gift from Okawaru
 20877 | Lair:4   | Reached XP level 12. HP: 66/66 MP: 13/13
 21280 | Lair:4   | Reached skill level 17 in Stealth
 21367 | Lair:4   | Reached skill level 5 in Short Blades
 22041 | Lair:4   | Learned a level 2 spell: Blink
 22622 | Lair:4   | Noticed Maud
 22643 | Lair:4   | Killed Maud
 23389 | Lair:5   | Reached skill level 18 in Stealth
 23675 | Lair:5   | Noticed a catoblepas
 23702 | Lair:5   | Noticed a four-headed hydra
 23795 | Lair:5   | Killed a catoblepas
 23795 | Lair:5   | Received a gift from Okawaru
 23932 | Lair:5   | Killed a four-headed hydra
 24347 | Lair:6   | Noticed a six-headed hydra
 24348 | Lair:6   | Killed a six-headed hydra
 24388 | Lair:6   | Found a staircase to the Swamp.
 25387 | Lair:6   | Received a gift from Okawaru
 25598 | Lair:6   | Reached XP level 13. HP: 70/70 MP: 14/14
 25884 | Lair:6   | Reached ****** piety under Okawaru
 26023 | Lair:6   | Received a gift from Okawaru
 26463 | Lair:6   | Reached skill level 19 in Stealth
 27115 | Lair:7   | Reached skill level 1 in Translocations
 27634 | Lair:7   | Received a gift from Okawaru
 27724 | Lair:7   | Found a staircase to the Slime Pits.
 29334 | Lair:8   | Entered Level 8 of the Lair of Beasts
 29362 | Lair:8   | Found a labyrinth entrance.
 29428 | Lab      | Entered a labyrinth
 29557 | Lab      | Noticed a minotaur
 29685 | Lab      | Killed a minotaur
 29685 | Lab      | Reached skill level 1 in Armour
 29685 | Lab      | Reached skill level 5 in Translocations
 29750 | Lab      | Identified the Reference Book on the Voyage
 29883 | Lair:8   | Noticed puppums's ghost (journeyman VSGl)
 31110 | Lair:8   | Learned a level 3 spell: Gell's Gravitas
 31114 | Lair:8   | Learned a level 3 spell: Mephitic Cloud
 31121 | Lair:8   | Gained mutation: You are resistant to hostile enchantments. (MR+) [potion of beneficial mutation]
 31359 | Lair:8   | Received a gift from Okawaru
 32010 | Lair:8   | Reached skill level 1 in Air Magic
 32010 | Lair:8   | Reached skill level 1 in Poison Magic
 32119 | Lair:8   | Noticed a fire dragon
 32499 | Lair:8   | Killed a fire dragon
 32499 | Lair:8   | Received a gift from Okawaru
 32499 | Lair:8   | Reached skill level 1 in Invocations
 33221 | D:9      | Found Puatular's Antique Weapon Boutique.
 33535 | D:9      | Found a shattered altar of Ashenzari.
 33853 | D:10     | Entered Level 10 of the Dungeon
 34283 | D:10     | Received a gift from Okawaru
 34312 | D:10     | Noticed uglyjohn's ghost (journeyman HuMo)
 34933 | D:11     | Reached XP level 14. HP: 74/75 MP: 16/16
 35171 | D:11     | Found Aladi's Weapon Shoppe.
 35892 | D:11     | Reached skill level 1 in Conjurations
 36668 | D:12     | Found a staircase to the Orcish Mines.
 37536 | D:12     | Noticed Erolcha
 37538 | D:12     | Noticed Fannar
 37554 | D:12     | Killed Erolcha
 37554 | D:12     | Received a gift from Okawaru
 37581 | D:12     | Killed Fannar
 37719 | D:12     | Received a gift from Okawaru
 38183 | D:13     | Received a gift from Okawaru
 39238 | D:13     | Received a gift from Okawaru
 39445 | D:13     | Reached skill level 5 in Invocations
 40018 | D:13     | Noticed a sphinx
 40194 | D:13     | Noticed a tengu reaver
 40195 | D:13     | Found a runed gate.
 40195 | D:13     | Found a runed gate.
 40195 | D:13     | Found a runed gate.
 40195 | D:13     | Found a runed gate.
 40196 | D:13     | Found a runed gate.
 40196 | D:13     | Found a runed gate.
 41188 | D:13     | Killed a sphinx
 41188 | D:13     | Reached skill level 10 in Fighting
 42088 | D:14     | Noticed Louise
 42095 | D:14     | Killed Louise
 42095 | D:14     | Received a gift from Okawaru
 42241 | D:14     | Received a gift from Okawaru
 42274 | D:14     | Found a gate to the Vaults.
 42576 | D:14     | Reached XP level 15. HP: 80/80 MP: 20/20
 42692 | Orc:1    | Entered Level 1 of the Orcish Mines
 42905 | Orc:2    | Entered Level 2 of the Orcish Mines
 43097 | Orc:1    | You fall through a shaft!
 43097 | Orc:2    | Found Dum Deoh's Magic Scroll Boutique.
 43097 | Orc:2    | Found Roby's Antique Armour Shoppe.
 43097 | Orc:2    | Found Mathrot's Gadget Emporium.
 43101 | Orc:2    | Found Viq Umog's Antique Armour Shoppe.
 43103 | Orc:2    | Found a staircase to the Elven Halls.
 43108 | Elf:1    | Entered Level 1 of the Elven Halls
 43352 | Elf:1    | Found a flickering gateway to a bazaar.
 43371 | Bazaar   | Entered a bazaar
 43371 | Bazaar   | Found Ogotum's Jewellery Boutique.
 43378 | Bazaar   | Found Kodur's Antique Weapon Emporium.
 43395 | Bazaar   | Found Cerisut's General Store.
 43406 | Bazaar   | Found Kenlunagask's Magic Scroll Shoppe.
 43414 | Bazaar   | Bought a scroll of teleportation for 36 gold pieces
 43414 | Bazaar   | Bought a scroll of enchant armour for 90 gold pieces
 43414 | Bazaar   | Bought a scroll of enchant weapon for 90 gold pieces
 43414 | Bazaar   | Bought a scroll of enchant armour for 90 gold pieces
 43415 | Bazaar   | Found Bouniucw's Antique Armour Shoppe.
 44741 | D:6      | Bought a fire dragon armour for 1680 gold pieces
 47513 | Orc:2    | Reached skill level 10 in Dodging
 47872 | Orc:2    | Noticed Azrael
 47888 | Orc:2    | Killed Azrael
 48343 | Orc:2    | Found Nera's Magic Scroll Emporium.
 48589 | Orc:2    | Received a gift from Okawaru
 48589 | Orc:2    | Reached skill level 15 in Throwing
 48905 | Orc:1    | Gained mutation: Your body sometimes deteriorates upon taking damage. [a neqoxec]
 50173 | Swamp:1  | Entered Level 1 of the Swamp
 50840 | Swamp:1  | Received a gift from Okawaru
 50843 | Swamp:1  | Got a distressingly furry robe {god gift}
 50855 | Swamp:1  | Identified the +0 robe of the Tortoise {Regen+ Dex+4 Stlth+} (Okawaru gifted it to you on level 1 of the Swamp)
 51947 | Swamp:2  | Noticed Nikola
 52005 | Swamp:2  | Noticed Frances
 52777 | Swamp:2  | Killed Frances
 52903 | Swamp:2  | Lost mutation: Your body sometimes deteriorates upon taking damage. [potion of cure mutation]
 52903 | Swamp:2  | Lost mutation: You are resistant to hostile enchantments. (MR+) [potion of cure mutation]
 53518 | Swamp:3  | Reached XP level 16. HP: 67/88 MP: 14/21
 54078 | Swamp:2  | Killed Nikola
 54694 | Swamp:3  | Got a fine golden amulet
 54697 | Swamp:3  | Identified the amulet "Meump" {Faith rPois Str+4} (You found it on level 3 of the Swamp)
 54751 | Swamp:4  | Entered Level 4 of the Swamp
 55661 | Swamp:4  | Received a gift from Okawaru
 55985 | Swamp:4  | Noticed a thorn hunter
 56051 | Swamp:4  | Noticed the 27-headed Lernaean hydra
 56143 | Swamp:4  | Killed a thorn hunter
 56918 | Swamp:4  | Received a gift from Okawaru
 59058 | Swamp:4  | Killed the 27-headed Lernaean hydra
 59332 | Swamp:4  | Got a decaying rune of Zot
 59417 | Swamp:4  | Noticed Roxanne
 60412 | Snake:1  | Entered Level 1 of the Snake Pit
 60452 | Snake:1  | Noticed Aizul
 60740 | Lair:4   | Killed Aizul
 60740 | Lair:4   | Received a gift from Okawaru
 60977 | Snake:1  | Reached skill level 5 in Armour
 61021 | Snake:1  | Found a frozen archway.
 61030 | IceCv    | Entered an ice cave
 61220 | IceCv    | Received a gift from Okawaru
 62781 | IceCv    | Received a gift from Okawaru
 62827 | IceCv    | Noticed an Ice Fiend
 62935 | IceCv    | Killed an Ice Fiend
 62935 | IceCv    | Reached XP level 17. HP: 94/94 MP: 22/22
 63388 | Snake:1  | Received a gift from Okawaru
 64367 | Snake:1  | Found a deep blue altar of Sif Muna.
 68943 | Snake:2  | Noticed Vashnia
 70645 | Snake:1  | Received a gift from Okawaru
 71168 | Snake:3  | Noticed Asterion
 71317 | Snake:3  | Killed Asterion
 71371 | Snake:3  | Received a gift from Okawaru
 72144 | Snake:3  | Reached skill level 20 in Stealth
 74383 | Snake:4  | Entered Level 4 of the Snake Pit
 74565 | Snake:4  | Received a gift from Okawaru
 75154 | Snake:3  | Received a gift from Okawaru
 75520 | Snake:4  | Reached XP level 18. HP: 49/99 MP: 23/23
 76295 | Snake:4  | Learned a level 3 spell: Dazzling Spray
 76416 | Snake:4  | Reached skill level 1 in Hexes
 76578 | Snake:4  | HP: 3/99 [naga sharpshooter/arrow (7)]
 76579 | Snake:4  | Shot with an arrow by a naga sharpshooter

Vault maps used:
D:1:      dpeg_arrival_signposts, kennysheep_small_spiral, hangedman_decor_push
D:2:      lemuel_blue_sif_altar, lemuel_doored_altar, lightli_temple_of_fire,
          serial_bayou, serial_bayou_lake_a, serial_bayou_lagoon_a,
          serial_bayou_crossing, serial_bayou_pond_d
D:3:      nicolae_overflow_crystal_walls, first_bread
D:4:      dancing_weapons_uskayaw, minmay_misc_feat_nine_boxes, uniq_natasha,
          uniq_duvessa
D:5:      lemuel_round_altar, minmay_temple_entry_from_below_a
D:6:      tso_metal_star, lemuel_crystal_altar, old_standard_altar,
          nicolae_ossuary_entry_giza, serial_shops, nicolae_shop_stone,
          nicolae_shop_behind_doors, shop, nicolae_shop_overgrown_old_shop,
          trog_butcher_becter
D:8:      minmay_overflow_temple_star_quad, lair_0_dummy, basic_altar,
          serial_shops, shop
D:9:      serial_shops, shop, nicolae_ashenzari_panopticon
D:10:     kennysheep_generic_room_13
D:11:     lemuel_flame_loot_2, serial_shops, shop, hangedman_tell_no_tales,
          dk_noncrumbling_3
D:12:     erik_orc_3, uniq_erolcha, uniq_fannar
D:13:     kennysheep_treasure_stockpile
D:14:     david_vaults_2, roderic_lattice_a, kennysheep_boxes, uniq_louise
Temple:   roderic_octagonal_lattice_temple
Lair:1:   columned_hall_lemuel
Lair:2:   basic_altar, uniq_erica
Lair:3:   lemuel_fruit_fields, serial_bayou_shore_b
Lair:4:   minmay_snake_entry_guardpost_small, basic_altar, serial_bayou_pond_a,
          minivault_23, uniq_maud
Lair:5:   minivault_26
Lair:6:   swamp_mist_pool
Lair:7:   nicolae_slime_entry_slimehenge, serial_bayou_pond_e
Lair:8:   guppyfry_lair_end_dragon, lab_entry_generic, minivault_25,
          wad_woods_antlair
Swamp:1:  nicolae_swamp_orc_logging_accident
Swamp:2:  evilmike_swamp_ruin_house_2, uniq_frances, uniq_nikola
Swamp:3:  nicolae_swamp_stair_fork, swamp_pool1
Swamp:4:  swamp_old_school, uniq_roxanne
Snake:1:  basic_altar, portal_ice_cave_entry_pillars_1, spider_trap,
          st_stairs_5, uniq_aizul
Snake:2:  uniq_vashnia
Snake:3:  uniq_asterion
Snake:4:  johnstein_snake_rune_scales, serial_shops, shop_fountains,
          grunt_megastairs_2
Orc:2:    st_orc_open, serial_shops, shop_fountains, uniq_azrael
Elf:1:    eino_elf_arrival_the_gate, special_room, serial_shops, bzr_entry_safe,
          minmay_elf_annihilation
Lab:      nicolae_lab_dead_adventurers, labyrinth_glass_1,
          labyrinth_skeletal_remains
Bazaar:   bazaar_lake
Ossuary:  ossuary_tomb_2
IceCv:    ice_cave_caverns_01

Skill      XL: |  1  2  3  4  5  6  7  8  9 10 11 12 13 14 15 16 17 18 |
---------------+-------------------------------------------------------+-----
Stealth        | 6 7 8 9 10 11 13 15 16 18 19 20 | 20.9
Fighting       | 2 3 4 5 6 7 9 10 11 12 | 12.8
Short Blades   | 3 4 8 9 |  9.3
Throwing       | 3 4 5 6 8 9 11 12 13 14 15 16 17 | 17.9
Dodging        | 4 7 8 12 13 | 13.0
Translocations | 6 |  6.2
Armour         | 2 5 7 8 |  8.0
Air Magic      | 2 3 |  3.0
Poison Magic   | 2 3 |  3.2
Invocations    | 2 6 |  6.0
Conjurations   | 3 |  3.8
Hexes          | 1 |  1.9

Action                   |  1- 3 |  4- 6 |  7- 9 | 10-12 | 13-15 | 16-18 || total
-------------------------+-------+-------+-------+-------+-------+-------++-------
Melee: Dagger            |   154 |   173 |   441 |   680 |   979 |  1401 ||  3828
       Quick blade       |       |       |       |       |  2158 |   885 ||  3043
       Rapier            |       |       |       |       |       |   260 ||   260
       Short sword       |       |       |       |       |       |    40 ||    40
 Fire: Blowgun           |     5 |    65 |   102 |   179 |   326 |   185 ||   862
       Shortbow          |       |       |    57 |    64 |   174 |       ||   295
Throw: Stone             |     1 |    17 |    10 |       |       |       ||    28
       Tomahawk          |       |       |    32 |   121 |   208 |   298 ||   659
       Throwing net      |       |       |       |       |       |     2 ||     2
 Cast: Blink             |       |       |       |       |    20 |    25 ||    45
Invok: Heroism           |       |       |       |       |     2 |       ||     2
 Abil: Evoke Flight      |       |       |       |       |     1 |    45 ||    46
       Stop Flying       |       |       |       |       |       |     3 ||     3
Evoke: Wand              |       |       |       |       |    14 |     1 ||    15
       Sack of spiders   |       |       |       |       |       |     1 ||     1
  Use: Scroll            |       |       |     9 |     9 |    28 |     9 ||    55
       Potion            |       |       |     1 |     4 |     9 |    16 ||    30
 Stab: Sleeping          |     6 |     7 |    46 |    56 |   108 |    81 ||   304
       Distracted        |       |     2 |     4 |     4 |    16 |    22 ||    48
       Invisible         |       |       |       |       |     4 |     5 ||     9
       Confused          |       |       |       |       |     3 |     1 ||     4
  Eat: Bread ration      |       |     1 |     1 |     2 |     5 |     5 ||    14
       Pizza             |       |       |       |       |     2 |       ||     2
       Fruit             |       |       |       |       |     3 |     2 ||     5
       Royal jelly       |       |       |       |       |       |     1 ||     1
Armor: Robe              |    11 |    16 |    42 |    33 |    42 |    20 ||   164
       Skin              |       |       |       |       |     1 |       ||     1
       Fire dragon armou |       |       |       |       |    81 |   231 ||   312
Dodge: Dodged            |   105 |   127 |   289 |   619 |  1504 |  1916 ||  4560
